 Dungeon Crawl Stone Soup version 0.30.1-9-gdf580d7c3d (webtiles) character file.

Game seed: 7603226115795480195

152 KittyFluff the Cudgeller (level 5, 0/33 HPs)
             Began as a Gargoyle Berserker on Oct 16, 2023.
             Was a Believer of Trog.
             Slain by Natasha (3 damage)
             ... on level 3 of the Dungeon.
             The game lasted 00:07:14 (2018 turns).

KittyFluff the Cudgeller (Gargoyle Berserker)       Turns: 2018, Time: 00:07:14

Health: 0/33       AC:  7    Str: 22    XL:     5   Next: 34%
Magic:  5/5        EV: 11    Int:  8    God:    Trog [**....]
Gold:   151        SH:  0    Dex:  9    Spells: 4/4 levels left

rFire   . . .        a - +0 mace
rCold   . . .        (no shield)
rNeg    + + .        h - +0 leather armour
rPois   ∞            (no helmet)
rElec   +            (no cloak)
rCorr   .            (no gloves)
SInv    .            (no boots)
Will    .....        (no amulet)
Stlth   +            d - ring of positive energy
HPRegen 0.25/turn    (no ring)
MPRegen 0.09/turn

%: no passive effects
@: no status effects
A: sickness immunity, AC +4, negative energy resistance 1, electricity
resistance, torment resistance 1, petrification resistance
a: Renounce Religion, Berserk, Trog's Hand


You were on level 3 of the Dungeon.
You worshipped Trog.
Trog was pleased with you.
You visited 1 branch of the dungeon, and saw 3 of its levels.

You collected 151 gold pieces.

Inventory:

Hand Weapons
 a - a +0 mace (weapon)
Missiles
 m - 6 datura-tipped darts (quivered)
Armour
 h - a +0 leather armour (worn)
Jewellery
 d - a ring of positive energy (left hand)
Scrolls
 f - 2 scrolls of fog {unknown}
 i - a scroll of teleportation {unknown}
 j - a scroll of magic mapping {unknown}
 l - a scroll of noise {unknown}
 o - a scroll of amnesia {unknown}
Potions
 b - 2 potions of might
 c - 2 potions of invisibility
 e - 2 potions of mutation
 g - 3 potions of curing {unknown}
 k - a potion of attraction {unknown}
 n - a potion of berserk rage {unknown}


   Skills:
 + Level 4.0 Fighting
 * Level 4.1 Maces & Flails
 * Level 3.8 Armour
 + Level 2.2 Dodging


You had 4 spell levels left.
You didn't know any spells.
Your spell library was empty.

Dungeon Overview and Level Annotations

Branches:
Dungeon (3/15)

Altars:
Zin

Annotations:
D:3 Natasha


Innate Abilities, Weirdness & Mutations

You are immune to sickness and miasma.
Your stone body is resilient. (AC +4)
You are immune to poison.
You resist negative energy. (rN+)
You are resistant to electric shocks. (rElec)
You are resistant to unholy torment.
You are immune to petrification.


Message History

You open the door.
There is an open door here.
Natasha, Servant of Life and Death comes into view.
Natasha hisses angrily.
Natasha stares at you and mumbles some strange words.
The magic dart hits you but does no damage.
Natasha drinks a potion.
Natasha seems to speed up.
Natasha claws you.
You hit Natasha.
Natasha is moderately wounded.
Natasha closely misses you. Natasha claws you.
You closely miss Natasha.
Natasha is moderately wounded.
Natasha wildly gestures.
Natasha's front paws start to glow.
Natasha closely misses you. Natasha casts a spell at you.
The magic dart hits you.
You hit Natasha.
Natasha is severely wounded.
Natasha claws you!
You hit Natasha.
Natasha is almost dead.
Natasha wildly gestures.
You feel troubled. Natasha claws you. Natasha claws you!
* * * LOW HITPOINT WARNING * * *
You barely miss Natasha.
Natasha is almost dead.
Natasha claws you but does no damage. x2
Unknown command.
You hit Natasha.
Natasha is almost dead.
Natasha casts a spell at you. You resist with some effort. Natasha claws you.
* * * LOW HITPOINT WARNING * * *
You hit Natasha but do no damage.
Natasha is almost dead.
Natasha barely misses you. Natasha claws you.
You die...

######....#
#....'....#
#.####....#
#####'####....#
#........######
#........#
#........########
#...............#
#..........@h...+
#...............#
#.............###
#.............#
############.##
.# .# .#


You could see Natasha (fast).

Vanquished Creatures
  An iguana (D:3)
  A gnoll (D:1)
  6 adders
  An ufetubus (D:3)
  3 worms (D:2)
  A dart slug (D:3)
  4 endoplasms
  8 goblins
  A hobgoblin (D:2)
  5 kobolds
  2 quokkas
  3 ball pythons
  8 bats
  4 frilled lizards
  5 rats
53 creatures vanquished.

Vanquished Creatures (others)
  A ball python (D:3)
1 creature vanquished.

Grand Total: 54 creatures vanquished

Notes
Turn   | Place    | Note
-------+----------+-------------------------------------------
     0 | D:1      | KittyFluff the Gargoyle Berserker began the quest for the
                  | Orb.
     0 | D:1      | Reached XP level 1. HP: 14/14 MP: 1/1
   218 | D:1      | Reached XP level 2. HP: 19/19 MP: 2/2
   580 | D:1      | Reached XP level 3. HP: 23/23 MP: 3/3
   881 | D:2      | Reached ** piety under Trog
   884 | D:2      | Reached XP level 4. HP: 29/29 MP: 4/4
  1157 | D:2      | Found a glowing silver altar of Zin.
  1450 | D:3      | Reached XP level 5. HP: 9/33 MP: 5/5
  2008 | D:3      | Noticed Natasha
  2018 | D:3      | Slain by Natasha

Illustrated notes

Levels and vault maps discovered:
D:1:      nicolae_arrival_washed_ashore, layout_loops_cross
D:2:      layout_rooms, basic_altar
D:3:      layout_basic, dilly_ecumenical_altar_fadedgnrine,
          kennysheep_pointless_box, minmay_misc_feat_columns, uniq_natasha

Skill      XL: |  1  2  3  4  5 |
---------------+----------------+-----
Armour         | 3 |  3.8
Dodging        | 2 |  2.2
Maces & Flails | 4 |  4.1
Fighting       | 4 |  4.0

Action                     |  1- 3 |  4- 6 || total
---------------------------+-------+-------++-------
  Melee: Mace              |   109 |   112 ||   221
         Punch             |     1 |       ||     1
    Use: Scroll            |       |     3 ||     3
 Armour: Animal skin       |    17 |       ||    17
         Leather armour    |    36 |    56 ||    92
  Dodge: Dodged            |    71 |    64 ||   135
